 Dungeon Crawl Stone Soup version 0.27-a0-1191-g601b473118 (webtiles) character file.

Game seed: 6999344713761601693

1090 Kuinu the Covert (level 8, -2/50 HPs)
             Began as a Kobold Brigand on May 24, 2021.
             Slain by an ufetubus (4 damage)
             ... on level 5 of the Dungeon.
             The game lasted 00:10:37 (6531 turns).

Kuinu the Covert (Kobold Brigand)                   Turns: 6531, Time: 00:10:37

Health: -2/50      AC:  5    Str:  8    XL:     8   Next: 56%
Magic:  8/8        EV: 17    Int: 13    God:
Gold:   151        SH:  0    Dex: 18    Spells: 7/7 levels left

rFire    . . .     SeeInvis .   h - +0 short sword (elec)
rCold    . . .     Faith    .   (shield restricted)
rNeg     . . .     Spirit   .   b - +0 robe
rPois    .         Reflect  .   (no helmet)
rElec    .         Harm     .   c - +0 cloak
rCorr    .         Rampage  .   i - +1 pair of gloves
Will     .....                  (no boots)
Stlth    +++++.....             (no amulet)
HPRegen  0.16/turn              (no ring)
MPRegen  0.11/turn              (no ring)

@: no status effects
A: small, no large weapons, nightstalker 3
a: no special abilities


You were on level 5 of the Dungeon.
You visited 1 branch of the dungeon, and saw 5 of its levels.

You collected 151 gold pieces.

Inventory:

Hand Weapons
 a - a +2 dagger
 h - a +0 short sword of electrocution (weapon)
 j - a +0 vampiric short sword
 m - a +2 vampiric dagger
 r - a +0 rapier
Missiles
 d - 7 poisoned darts (quivered)
 k - 4 atropa-tipped darts
 o - 2 curare-tipped darts
 t - a throwing net
Armour
 b - a +0 robe (worn)
 c - a +0 cloak (worn)
 i - a +1 pair of gloves (worn)
Scrolls
 g - a scroll of teleportation
 n - 3 scrolls of immolation
 p - 2 scrolls of fear
 s - a scroll of noise
 x - a scroll of fog
Potions
 f - a potion of magic
 l - a potion of mutation
 q - a potion of resistance
 w - a potion of cancellation


   Skills:
 + Level 5.6 Fighting
 + Level 6.7 Short Blades
 - Level 2.1 Throwing
 + Level 5.7 Dodging
 + Level 8.6 Stealth


You had 7 spell levels left.
You didn't know any spells.
Your spell library contained the following spells:

 Spells                   Type           Power      Damage    Failure   Level
 Magic Dart               Conj           0%         1d3       30%         1
 Blink                    Tloc           N/A        N/A       43%         2
 Call Imp                 Summ           0%         N/A       43%         2
 Searing Ray              Conj           0%         3d3       43%         2
 Slow                     Hex            0%         N/A       43%         2
 Conjure Flame            Conj/Fire      0%         6-21      67%         3
 Dazzling Flash           Conj/Hex       0%         N/A       67%         3
 Mephitic Cloud           Conj/Pois/Air  0%         N/A       67%         3
 Fulminant Prism          Conj/Hex       0%         3d6       97%         4
 Iskenderun's Mystic Bla  Conj/Tloc      0%         2d3       97%         4


Dungeon Overview and Level Annotations

Branches:
Dungeon (5/15)
 Temple: D:4-7

Altars:
Elyvilon
Okawaru

Annotations:
D:5 Grinder


Innate Abilities, Weirdness & Mutations

You are small and have problems with some larger weapons.
You are completely attuned to the shadows.


Message History

The ufetubus is heavily wounded.
The ufetubus closely misses you. The ufetubus completely misses you.
Grinder says, "Just stop there for a second..."
You hit the ufetubus but do no damage.
The ufetubus is heavily wounded.
The ufetubus hits you.
* * * LOW HITPOINT WARNING * * *
The ufetubus hits you but does no damage.
It was a potion of brilliance.
You feel clever all of a sudden.
Grinder blinks!
The ufetubus completely misses you. The ufetubus misses you.
You see here a +0 chain mail.
Okay, then.
Your extra speed is starting to run out.
You feel yourself slow down.
The ufetubus hits you but does no damage. x2
The ufetubus hits you but does no damage.
The ufetubus closely misses you. The ufetubus hits you.
* * * LOW HITPOINT WARNING * * *
The ufetubus closely misses you.
You feel the dreadful sensation subside.
You hear the crackle of electricity.
h - a +0 short sword of electrocution (weapon)
The ufetubus hits you but does no damage. x2
You closely miss the ufetubus. The ufetubus misses you. x2
You closely miss the ufetubus. The ufetubus barely misses you.
The ufetubus closely misses you.
You closely miss the ufetubus. The ufetubus misses you.
The ufetubus closely misses you. x2; The ufetubus hits you.
* * * LOW HITPOINT WARNING * * *
You miss the ufetubus. The ufetubus completely misses you.
The ufetubus misses you.
You completely miss the ufetubus. The ufetubus misses you.
The ufetubus hits you.
* * * LOW HITPOINT WARNING * * *
You feel a little less clever now. The ufetubus closely misses you.
The ufetubus completely misses you. The ufetubus misses you.
The ufetubus hits you.
You die...

# #.# #.# #.# # #.# #.# #.# # #.#
#.# #.# # #.# #.# #.# #
#.#######.# #.# # #.......#.# #.#
# #######.#.# #.#
#######################.#.#####.#
...............5@.......#.......#
#########################.#######
###


You could see an ufetubus.

Vanquished Creatures
  2 ogres
  2 necrophages
  3 scorpions
  A water moccasin skeleton (D:5)
  2 hounds
  2 jellies (D:5)
  An iguana (D:5)
  2 orc priests (D:4)
  4 orc wizards
  8 gnolls
  4 adders
  An ufetubus (D:5)
  A worm (D:2)
  3 dart slugs
  11 orcs
  6 ball pythons
  7 bats
  7 endoplasms
  5 giant cockroaches
  7 goblins
  A hobgoblin (D:2)
  A jackal (D:2)
  4 quokkas
  A frilled lizard (D:1)
  9 kobolds
  7 rats
102 creatures vanquished.

Vanquished Creatures (others)
  A fungus (D:4)
  8 plants (D:4)
9 creatures vanquished.

Grand Total: 111 creatures vanquished

Notes
Turn   | Place    | Note
-------+----------+-------------------------------------------
     0 | D:1      | Kuinu the Kobold Brigand began the quest for the Orb.
     0 | D:1      | Reached XP level 1. HP: 12/12 MP: 1/1
   154 | D:1      | Reached XP level 2. HP: 18/18 MP: 2/2
   803 | D:2      | Reached XP level 3. HP: 22/22 MP: 3/3
  1768 | D:2      | Reached XP level 4. HP: 24/27 MP: 4/4
  2071 | D:3      | Reached skill level 6 in Stealth
  2368 | D:3      | Reached XP level 5. HP: 31/32 MP: 5/5
  2940 | D:4      | Noticed a necrophage
  2988 | D:4      | Killed a necrophage
  2989 | D:4      | Reached XP level 6. HP: 4/37 MP: 6/6
  3519 | D:5      | Entered Level 5 of the Dungeon
  3711 | D:4      | Reached skill level 7 in Stealth
  3727 | D:4      | Reached skill level 5 in Short Blades
  3727 | D:4      | Reached XP level 7. HP: 10/43 MP: 7/7
  4662 | D:4      | Found a white marble altar of Elyvilon.
  5686 | D:5      | Reached skill level 5 in Fighting
  5686 | D:5      | Reached skill level 5 in Dodging
  5686 | D:5      | Reached skill level 8 in Stealth
  5686 | D:5      | Reached XP level 8. HP: 49/49 MP: 8/8
  5853 | D:5      | Found an iron altar of Okawaru.
  6452 | D:5      | Noticed Grinder
  6476 | D:5      | HP: 2/50 [ufetubus (4)]
  6528 | D:5      | HP: 1/50 [ufetubus (4)]
  6531 | D:5      | Slain by an ufetubus

Illustrated notes

Levels and vault maps discovered:
D:1:      dpeg_arrival_pits, layout_basic
D:2:      layout_basic, st_stairs_5, kennysheep_flooded_box
D:3:      layout_rooms
D:4:      cheibrodos_old_hovel, layout_basic, elyvilon_altar_1, minivault_23
D:5:      layout_basic, nicolae_overflow_crystal_walls, minmay_manual_mares,
          uniq_grinder

Skill      XL: |  1  2  3  4  5  6  7 |
---------------+----------------------+-----
Short Blades   | 3 4 5 6 |  6.7
Dodging        | 2 3 4 5 |  5.7
Fighting       | 3 4 5 |  5.6
Stealth        | 6 7 8 |  8.6
Throwing       | |  2.1

Action                   |  1- 3 |  4- 6 |  7- 9 || total
-------------------------+-------+-------+-------++-------
Melee: Dagger            |    85 |   235 |    60 ||   380
       Short sword       |       |       |   110 ||   110
Throw: Dart              |       |    13 |     6 ||    19
  Use: Scroll            |       |     8 |     7 ||    15
       Potion            |       |     5 |     2 ||     7
 Stab: Sleeping          |    22 |     7 |     6 ||    35
       Distracted        |       |     1 |     1 ||     2
       Invisible         |       |       |     1 ||     1
Armor: Robe              |    11 |    52 |    32 ||    95
Dodge: Dodged            |    54 |   166 |   137 ||   357

Table legend: (Time is in decaauts)
 A = Elapsed time spent in this place.
 B = Non-inter-level travel time spent in this place.
 C = Inter-level travel time spent in this place.
 D = Time resting spent in this place.
 E = Time spent auto-exploring this place.
 F = Levels seen in this place.
 G = Mean time per level.
                   A        B        C        D        E       F      G
               +--------+--------+--------+--------+--------+-----+--------+
         Total |   6417 |   6239 |    178 |    783 |   4528 |   5 | 1283.4 |
       Dungeon |   6417 |   6239 |    178 |    783 |   4528 |   5 | 1283.4 |
               +--------+--------+--------+--------+--------+-----+--------+

Top non-repeatable levels by time:
     D:4: 2290 daAuts
     D:3: 1170 daAuts
     D:2: 1165 daAuts
     D:5: 993 daAuts
     D:1: 797 daAuts
